 Dungeon Crawl Stone Soup version 0.31-b1-22-gc680215f68 (webtiles) character file.

Game seed: 10740156701924005510

3203 hawla the Gouger (level 9, -5/42 HPs)
             Began as a Felid Shapeshifter on Jan 18, 2024.
             Was a Follower of Makhleb.
             Slain by an orc warrior
             ... wielding a +0 war axe
              (9 damage)
             ... in a bailey.
             The game lasted 00:22:02 (7624 turns).

hawla the Gouger (Felid Shapeshifter)               Turns: 7624, Time: 00:22:03

Health: -5/42      AC:  2    Str: 13    XL:     9   Next: 65%
Magic:  12/12      EV: 23    Int: 13    God:    Makhleb [*.....]
Gold:   433        SH:  0    Dex: 20    Spells: 8/8 levels left
                                        Lives:  0   Deaths: 3

rFire   . .          .
                       - Unarmed
rCold   . . .        (shield unavailable)
rNeg    . . .        (body armour unavailable)
rPois   .            (helmet unavailable)
rElec   .            (cloak unavailable)
rCorr   .            (gloves unavailable)
SInv    +            (boots unavailable)
Will    +....        (no amulet)
Stlth   +            (no ring)
HPRegen 0.27/turn    (no ring)
MPRegen 0.13/turn

%: no passive effects
@: flux-form, glowing
A: glow, contaminating, very small, claws 1, fangs 3, see invisible, shaggy fur
2, stealthy paws, no weapons or thrown items, no armour, multi-lived, agile 1,
noise suppression
a: Begin Untransformation, Renounce Religion


You were in a bailey.
You worshipped Makhleb.
Makhleb was aware of your devotion.
You were something dangerously unstable.
You visited 2 branches of the dungeon, and saw 9 of its levels.
You also visited: Sewer and Bailey.

You collected 433 gold pieces.

Inventory:

Talismans
 b - a beast talisman
 c - a flux talisman (active)
 g - a storm talisman
Wands
 j - a wand of mindburst (8) (quivered)
Scrolls
 e - 2 scrolls of vulnerability
 f - 2 scrolls of identify
Potions
 a - a potion of cancellation
 d - 2 potions of magic
 i - a potion of lignification
 k - 3 potions of brilliance


   Skills:
 - Level 2.0 Fighting
 - Level 4.0 Dodging
 - Level 1.0 Stealth
 * Level 9.6 Unarmed Combat
 + Level 3.3 Invocations
 - Level 3.0 Evocations
 + Level 7.6 Shapeshifting


You had 8 spell levels left.
You didn't know any spells.
Your spell library was empty.

Dungeon Overview and Level Annotations

Branches:
Dungeon (8/15)             Temple (1/1) D:5           Sewer (visited)
 Bailey (1/1)
   Lair: D:8-11

Altars:
Ashenzari
Fedhas
Gozag
Hepliaklqana
Kikubaaqudgha
Makhleb
Nemelex Xobeh
Okawaru
Qazlal
Ru
Sif Muna
Trog
Wu Jian
Xom
Yredelemnul
Zin
The Shining One

Annotations:
D:5 2 transporters, ZoaN's ghost, novice GrEE
D:7 3 runed translucent doors, MysticSailboat's ghost, novice DsWn


Innate Abilities, Weirdness & Mutations

You are something dangerously unstable.
You glow with magical radiation, making you easy to see and hit.
Foes you strike become dangerously contaminated with magical radiation.
You have sharp claws.
You have razor-sharp teeth.
You have supernaturally acute eyesight. (SInv)
You are covered in thick fur. (AC +2)
Your paws help you pounce on unaware monsters.
You are incapable of wielding weapons or throwing items.
You cannot wear armour.
You gain extra lives every three experience levels.
You are agile. (Dex +4, Str/Int -1)
You passively dampen the noise of your surroundings.


Message History

You close the door.
A kobold brigand opens the door.
The orc warrior shouts!
The kobold brigand closely misses you. The kobold brigand misses you.
There is an open door here.
You claw the kobold brigand!
The kobold brigand begins to glow.
The kobold brigand is moderately wounded.
The kobold brigand hits you with a +0 war axe.
You scratch the kobold brigand.
The kobold brigand glows dangerously bright.
The kobold brigand is moderately wounded.
The kobold brigand completely misses you. x2
The orc warrior completely misses you.
You scratch the kobold brigand.
The kobold brigand shudders as magic cascades through it.
The kobold brigand twists and deforms.
You bite the kobold brigand.
The kobold brigand is severely wounded.
The kobold brigand closely misses you. x2; The orc warrior misses you.
You completely miss the kobold brigand.
The kobold brigand is severely wounded.
The kobold brigand misses you.
The kobold brigand completely misses you.
The orc warrior hits you with a +0 war axe!
You closely miss the kobold brigand. You bite the kobold brigand.
The kobold brigand is severely wounded.
The kobold brigand misses you.
You claw the kobold brigand!
You kill the kobold brigand!
Makhleb accepts your kill.
The kobold brigand hits you with a +0 war axe!
The orc warrior completely misses you.
Aiming: Mindburst
Press: ? - help, Shift-Dir - straight line, f - orc warrior
Aim: an orc warrior, wielding a +0 war axe and wearing a +0 plate armour (chance to affect: 76%)
The orc warrior's mind is blasted!
The orc warrior hits you with a +0 broad axe!
* * * LOW HITPOINT WARNING * * *
The kobold brigand closely misses you.
The orc warrior hits you with a +0 war axe!
You die... ###.![.(.?(.### #.............# ............... ............... ........... ....... #ooK#

###p### ##..(..##
#...8...# #∩....?∩#
##.....## ####'''####
##~.......~##
#####~~.......~~#####
#....~~.......~~....#


You could see 2 orc warriors and a kobold brigand.

Vanquished Creatures
  Prince Ribbit (D:5)
  Menkaure (D:5)
  Duvessa (D:7)
  3 orc warriors
  2 ice beasts
  A sky beast (D:7)
  2 ogres
  10 kobold brigands
  2 bullfrogs
  A gnoll sergeant (D:7)
  2 scorpions
  Dowan (D:7)
  A bombardier beetle (D:5)
  8 hounds
  A jelly (D:3)
  3 orc priests
  2 iguanas
  6 orc wizards
  4 gnolls
  16 adders
  5 river rats
  2 white imps
  2 ufetubi (D:5)
  5 ribbon worms
  3 dart slugs
  28 orcs
  5 bats
  7 endoplasms
  A giant cockroach (D:4)
  12 goblins
  11 hobgoblins
  3 jackals (D:4)
  7 quokkas
  8 ball pythons
  2 frilled lizards (D:1)
  18 kobolds
  11 rats
198 creatures vanquished.

Notes
Turn   | Place    | Note
-------+----------+-------------------------------------------
     0 | D:1      | hawla the Felid Shapeshifter began the quest for the Orb.
     0 | D:1      | Reached XP level 1. HP: 10/10 MP: 2/2
    34 | D:1      | Slain by a gnoll
    34 | D:1      | Lost a life (0 lives remaining)
   175 | D:1      | Reached XP level 2. HP: 14/14 MP: 3/3
   922 | D:2      | Reached XP level 3. HP: 18/18 MP: 4/4
  1547 | D:3      | Gained mutation: You are frail. (-10% HP) [potion of
                  | mutation]
  1547 | D:3      | Gained mutation: You are partially covered in iridescent
                  | scales. (AC +2) [potion of mutation]
  1548 | D:3      | Lost mutation: You are frail. (-10% HP) [potion of
                  | mutation]
  1548 | D:3      | Lost mutation: You are partially covered in iridescent
                  | scales. (AC +2) [potion of mutation]
  1548 | D:3      | Gained mutation: You are agile. (Dex +4, Str/Int -1)
                  | [potion of mutation]
  1548 | D:3      | Gained mutation: You passively dampen the noise of your
                  | surroundings. [potion of mutation]
  1599 | D:3      | Reached skill level 4 in Unarmed Combat
  1599 | D:3      | Reached XP level 4. HP: 17/22 MP: 5/5
  1599 | D:3      | Gained a life (1 life remaining)
  1706 | D:3      | Killed from afar by a white imp
  1706 | D:3      | Lost a life (0 lives remaining)
  1927 | D:3      | Reached skill level 1 in Evocations
  1927 | D:3      | Reached XP level 5. HP: 25/25 MP: 6/6
  1961 | D:3      | Found a glowing drain.
  1967 | Sewer    | Entered a sewer
  2137 | Sewer    | Reached skill level 5 in Unarmed Combat
  2137 | Sewer    | Gained mutation: You are covered in thick fur. (AC +2)
                  | [Felid growth]
  2137 | Sewer    | Reached XP level 6. HP: 22/30 MP: 7/7
  2492 | Sewer    | Reached skill level 6 in Unarmed Combat
  2492 | Sewer    | Reached skill level 5 in Shapeshifting
  2492 | Sewer    | Reached XP level 7. HP: 19/33 MP: 8/8
  2492 | Sewer    | Gained a life (1 life remaining)
  3785 | D:4      | Identified the +4 long sword "Gram" {drain, rF- Dex+4}
  4302 | D:5      | Entered Level 5 of the Dungeon
  4304 | D:5      | Noticed Prince Ribbit
  4312 | D:5      | Killed Prince Ribbit
  4313 | D:5      | Reached skill level 7 in Unarmed Combat
  4313 | D:5      | Reached XP level 8. HP: 33/37 MP: 9/9
  4485 | D:5      | Found a staircase to the Ecumenical Temple.
  4485 | D:5      | Noticed Menkaure
  4526 | Temple   | Entered the Ecumenical Temple
  4556 | Temple   | Became a worshipper of Makhleb the Destroyer
  4598 | D:5      | Killed Menkaure
  4777 | D:5      | Found a transporter.
  4784 | D:5      | Identified the +4 spear of Carved Responsibility {venom,
                  | rF+ Will+ rCorr SInv}
  4907 | D:5      | Reached skill level 8 in Unarmed Combat
  4990 | D:5      | Found a transporter.
  5017 | D:5      | Noticed ZoaN's ghost (novice GrEE)
  5095 | D:5      | Identified the ring "Qiocwyge" {rPois rN+ MP+9 Dex-5}
  5394 | D:6      | Reached skill level 1 in Stealth
  5568 | D:6      | Reached skill level 1 in Invocations
  6610 | D:6      | Reached XP level 9. HP: 41/42 MP: 9/11
  6625 | D:7      | Found a runed translucent gate.
  6625 | D:7      | Found a runed translucent gate.
  6625 | D:7      | Found a runed translucent gate.
  6628 | D:7      | Noticed MysticSailboat's ghost (novice DsWn)
  6821 | D:7      | Slain by a gnoll
  6821 | D:7      | Lost a life (0 lives remaining)
  7147 | D:7      | Reached * piety under Makhleb
  7208 | D:7      | Found a glowing silver altar of Zin.
  7208 | D:7      | Found an iron altar of Okawaru.
  7218 | D:7      | Found a sparkling altar of Nemelex Xobeh.
  7220 | D:7      | Found a faded altar of an unknown god.
  7222 | D:7      | Found an ancient bone altar of Kikubaaqudgha.
  7254 | D:7      | Noticed Duvessa
  7255 | D:7      | Noticed Dowan
  7260 | D:7      | Killed Duvessa
  7261 | D:7      | Reached skill level 9 in Unarmed Combat
  7264 | D:7      | Killed Dowan
  7284 | D:7      | Found a flagged portal.
  7315 | Bailey   | Entered a bailey
  7624 | Bailey   | Slain by an orc warrior

Illustrated notes

Levels and vault maps discovered:
D:1:      shiori_arrival_whats_in_store_for_you, layout_basic,
          chequers_serial_rivers_small_3
D:2:      layout_loops_cross
D:3:      minmay_door_path, layout_rooms, lightli_sewer_entry_pipes,
          minmay_close_crescents
D:4:      layout_basic
D:5:      layout_gridville, minmay_temple_entry_mist,
          gammafunk_ghost_gnarly_gnolls, uniq_menkaure, uniq_prince_ribbit1
D:6:      layout_basic
D:7:      layout_basic, chequers_temple_overflow_minitemple, enter_bailey_4,
          gammafunk_ghost_split, hangedman_decor_lopped, uniq_duvessa
D:8:      layout_basic, serial_ice, serial_ice_g, serial_ice_n, serial_ice_a,
          serial_ice_m, serial_ice_f, serial_ice_d, serial_ice_e, serial_ice_j
Temple:   oiseaux_autumnal_temple
Bailey:   bailey_axe_3, bailey

Skill      XL: |  1  2  3  4  5  6  7  8  9 |
---------------+----------------------------+-----
Dodging        | 3 4 |  4.0
Shapeshifting  | 3 4 5 6 7 |  7.6
Unarmed Combat | 4 5 6 7 8 9 |  9.6
Evocations     | 1 2 3 |  3.0
Stealth        | 1 |  1.0
Invocations    | 1 3 |  3.3
Fighting       | 2 |  2.0

Action                     |  1- 3 |  4- 6 |  7- 9 || total
---------------------------+-------+-------+-------++-------
  Melee: Unarmed           |    74 |   126 |   429 ||   629
         Bite              |     6 |    16 |    63 ||    85
         Punch             |       |     4 |     6 ||    10
  Evoke: Wand              |       |    15 |     4 ||    19
    Use: Potion            |     3 |     4 |     1 ||     8
         Scroll            |     7 |     2 |     9 ||    18
   Stab: Sleeping          |     3 |       |     7 ||    10
 Armour: Skin              |    24 |    37 |   112 ||   173
  Dodge: Dodged            |    45 |    99 |   423 ||   567
   Form: Flux              |       |       |     1 ||     1
